 Dungeon Sprint DCSS version 0.21-a0-110-g8e1637b (webtiles) character file.

11151 Kidiri the Unseen (level 11, -6/58 HPs)
             Began as a Spriggan Enchanter on July 8, 2017.
             Was an Elder of Dithmenos.
             Mangled by a crystal guardian (25 damage)
             ... in the Dungeon (Sprint II: "The Violet Keep of Menkaure").
             The game lasted 00:24:01 (2137 turns).

Kidiri the Unseen (Spriggan Enchanter)              Turns: 2137, Time: 00:24:02

Health: -6/58      AC:  1    Str: 11    XL:     11   Next: 45%
Magic:  30/30      EV: 35    Int: 23    God:    Dithmenos [****..]
Gold:   828        SH:  8    Dex: 24    Spells: 26/38 levels left

rFire    . . .     SeeInvis +   a - +1 dagger
rCold    . . .     Gourm    .   r - +0 buckler
rNeg     . . .     Faith    .   b - +0 robe
rPois    .         Spirit   .   (helmet restricted)
rElec    .         Reflect  .   (no cloak)
rCorr    .         Harm     .   (gloves unavailable)
MR       .....     NoTele   +   (boots unavailable)
Stlth    ++++++++++             (no amulet)
HPRegen  0.19/turn              k - ring of the Manifold Yaks {Wiz MR- Int+5}
MPRegen  0.22/turn              l - +5 ring of dexterity

@: mighty, wreathed by umbra, very quick
A: unfitting armour, see invisible, deformed body, herbivore 3, speed 3, slow
metabolism 2, strong 1
a: Shadow Step, Renounce Religion


You were in the Dungeon.
You worshipped Dithmenos.
Dithmenos was greatly pleased with you.
You were not hungry.

You visited 1 branch You collected 1860 gold pieces.
You spent 1032 gold pieces at shops.

Inventory:

Hand Weapons
 a - a +1 dagger (weapon)
 i - the +6 quarterstaff "Xeczogut" {holy, +Rage Str+4 Int+5}
   (You found it in the Dungeon)

   It has been blessed by the Shining One to cause great damage to the undead
   and demons.
   It affects your strength (+4).
   It affects your intelligence (+5).
   It lets you go berserk.
Armour
 b - a +0 robe (worn)
 p - a +0 troll leather armour
 r - a +0 buckler (worn)
Jewellery
 k - the ring of the Manifold Yaks (left hand) {Wiz MR- Int+5}
   (You bought it in a shop in the Dungeon)

   [ring of wizardry]

   It improves your spell success rate.
   It affects your intelligence (+5).
   It affects your resistance to hostile enchantments.
 l - a +5 ring of dexterity (right hand)
Scrolls
 n - a scroll of random uselessness {unknown}
 o - a scroll of enchant armour {unknown}
 q - a scroll of remove curse {unknown}
 s - a scroll of immolation {unknown}
 t - a scroll of amnesia {unknown}
 x - a scroll of enchant weapon {unknown}
Potions
 e - 2 potions of curing
 g - 2 potions of haste
 h - 5 potions of magic
 u - 2 potions of flight
 v - a potion of agility
 w - 2 potions of resistance
Books
 c - a book of Maledictions

   Spells                             Type                      Level
   a - Corona                         Hexes                        1
   b - Ensorcelled Hibernation        Hexes/Ice                    2
   c - Confuse                        Hexes                        3
   d - Tukima's Dance                 Hexes                        3
   e - Dazzling Spray                 Conjuration/Hexes            3
Comestibles
 d - 2 bread rations
 f - 2 fruits


   Skills:
 + Level 7.1 Fighting
 * Level 13.0 Short Blades
 + Level 6.6 Armour
 * Level 16.4 Dodging
 * Level 17.8 Stealth
 + Level 3.7 Shields
 * Level 14.2 Spellcasting
 + Level 10.9 Hexes
 - Level 3.7 Invocations


You had 26 spell levels left.
You knew the following spells:

 Your Spells              Type           Power        Failure   Level  Hunger
a - Corona                Hex            ######.      1%          1    None
b - Ensorcelled Hibernat  Hex/Ice        #####.       1%          2    None
c - Confuse               Hex            ######..     1%          3    None
d - Tukima's Dance        Hex            ######..     1%          3    None
e - Dazzling Spray        Conj/Hex       #####.       1%          3    None


Dungeon Overview and Level Annotations

Branches:
Dungeon (1/1)

Altars:
Cheibriados
Dithmenos
Elyvilon
Fedhas
Gozag
Hepliaklqana
Kikubaaqudgha
Makhleb
Nemelex Xobeh
Okawaru
Qazlal
Ru
Sif Muna
Trog
Uskayaw
Vehumet
Wu Jian
Xom
Yredelemnul
Zin
The Shining One
Beogh
Jiyva
Lugonu

Shops:
D (=:?=%!}!=!=}[:[

Annotations:
D exclusion: oklob plant


Innate Abilities, Weirdness & Mutations

You are very small and have problems with some larger weapons.
You are too small for most types of armour.
You have supernaturally acute eyesight. (SInv)
You are a herbivore.
You cover ground extremely quickly.
You need consume almost no food.
Armour fits poorly on your strangely shaped body.
Your muscles are strong. (Str +2)


Message History

The crystal guardian is lightly damaged.
You hit the crystal guardian.
The crystal guardian is moderately damaged.
The crystal guardian barely misses you.
You hit the crystal guardian but do no damage.
The crystal guardian is lightly damaged.
You puncture the crystal guardian!
The crystal guardian is moderately damaged.
The crystal guardian completely misses you.
You hit the crystal guardian.
The crystal guardian is moderately damaged.
You hit the crystal guardian.
The crystal guardian is moderately damaged.
You block the crystal guardian's attack.
You hit the crystal guardian but do no damage.
The crystal guardian is moderately damaged.
You hit the crystal guardian but do no damage.
The crystal guardian is moderately damaged.
The crystal guardian hits you!!
You die...

≈§§§§§§## ▓▓+▓▓▓▓.▓
§≈8§§§§≈##++## +...▓0..▓ ##
§§§§§≈##≈...### #.§.▓▓▓▓▓▓▓▓ ≈##
§≈≈≈ e§§....###..§▓≈≈≈≈≈§§
≈≈#+++#+++#####....#§##§§▓▓▓▓▓▓▓▓
≈≈.........#..+..(.#§.#=[▓....(..
≈≈≈.##+##..#.)####.#§§#})▓......[
≈≈≈##.#.##.####[.8.##§#|:▓..[((..
≈≈≈#..#..# ...#.@#.^.####▓[...%.)
≈####...####..#####..##.#▓..(..()
##.###+###.##..# +^.#..#▓..[.(.)
#.).##.##...#..# #..#..#▓.[(....
+.#.+.<.+###+..####..##.#▓.)....(
#...##.##...#.§..###...##▓▓▓▓▓▓▓+
##.###+###.##......≈)≈≈≈≈≈≈≈≈≈≈≈.
≈####..#####§≈..§§.≈#+########+##
≈≈≈#%%##.#≈≈≈≈≈≈≈§.≈#_._.....#≈≈≈


You could see a crystal guardian.

Vanquished Creatures
  A kraken (D)
  2 sphinxes (D)
  A death yak (D)
  2 hell hogs (D)
  2 deep trolls (D)
  2 death drakes (D)
  A merfolk siren (D)
  A yaktaur (D)
  3 polar bears (D)
  A hornet (D)
  2 tyrant leeches (D)
  A blink frog (D)
  Menkaure (D)
  A swamp drake (D)
  4 necrophages (D)
  3 crocodiles (D)
  3 worms (D)
31 creatures vanquished.

Vanquished Creatures (others)
  A swamp drake (D)
  A crocodile (D)
  16 tentacles (D)
18 creatures vanquished.

Grand Total: 49 creatures vanquished

Notes
Turn   | Place    | Note
-------+----------+-------------------------------------------
     0 | D        | Kidiri the Spriggan Enchanter began the quest for the Orb.
     0 | D        | Reached XP level 1. HP: 9/9 MP: 5/5
     1 | D        | Noticed a necrophage
     1 | D        | Noticed a necrophage
     1 | D        | Noticed a necrophage
     1 | D        | Noticed a necrophage
    10 | D        | Killed a necrophage
    10 | D        | Reached skill level 1 in Fighting
    10 | D        | Reached skill level 1 in Armour
    10 | D        | Reached skill level 5 in Dodging
    10 | D        | Reached skill level 7 in Stealth
    10 | D        | Reached skill level 5 in Spellcasting
    10 | D        | Reached XP level 2. HP: 14/14 MP: 6/9
    10 | D        | Reached XP level 3. HP: 17/17 MP: 6/10
    10 | D        | Reached XP level 4. HP: 22/22 MP: 7/12
    18 | D        | Killed a necrophage
    18 | D        | Reached skill level 8 in Stealth
    18 | D        | Reached skill level 5 in Hexes
    18 | D        | Reached XP level 5. HP: 26/26 MP: 7/14
    38 | D        | Killed a necrophage
    38 | D        | Reached skill level 5 in Short Blades
    38 | D        | Reached skill level 9 in Stealth
    39 | D        | Killed a crocodile
    76 | D        | Killed a necrophage
    76 | D        | Reached XP level 6. HP: 16/31 MP: 14/17
    94 | D        | Learned a level 2 spell: Ensorcelled Hibernation
    98 | D        | Learned a level 3 spell: Confuse
   102 | D        | Learned a level 3 spell: Tukima's Dance
   106 | D        | Learned a level 3 spell: Dazzling Spray
   307 | D        | Noticed a tyrant leech
   307 | D        | Noticed a tyrant leech
   315 | D        | Killed a tyrant leech
   315 | D        | Reached skill level 10 in Stealth
   315 | D        | Reached XP level 7. HP: 35/35 MP: 11/19
   363 | D        | Noticed an obsidian statue
   365 | D        | Noticed Menkaure
   366 | D        | Found Fehy's Book Boutique.
   366 | D        | Found Orajuw's Antique Armour Shop.
   367 | D        | Killed Menkaure
   367 | D        | Reached skill level 10 in Dodging
   367 | D        | Reached skill level 11 in Stealth
   408 | D        | Killed a tyrant leech
   491 | D        | Noticed a merfolk siren
   496 | D        | Killed a merfolk siren
   496 | D        | Reached skill level 12 in Stealth
   496 | D        | Reached XP level 8. HP: 41/41 MP: 20/22
   539 | D        | Found Gyhexai's Jewellery Shop.
   539 | D        | Found Awunkop's Antique Armour Shop.
   540 | D        | Found Puodih's Jewellery Boutique.
   540 | D        | Found Udiesoj's Distillery.
   541 | D        | Noticed a blink frog
   543 | D        | Killed a blink frog
   547 | D        | Found Nugaedif's Distillery.
   547 | D        | Found Lied's Gadget Shop.
   550 | D        | Found Fintuaho's Distillery.
   550 | D        | Found Ibloal's Gadget Boutique.
   550 | D        | Found Noege's Food Boutique.
   551 | D        | Noticed a slime creature
   554 | D        | Noticed a slime creature
   555 | D        | Found Qoguis's Jewellery Boutique.
   555 | D        | Found Xoamubuf's Magic Scroll Shop.
   555 | D        | Noticed a slime creature
   555 | D        | Noticed an oklob plant
   556 | D        | Found Igothreo's Jewellery Shop.
   556 | D        | Found Omur Duss's Book Shoppe.
   556 | D        | Found Qoinnuu's Antique Weapon Boutique.
   557 | D        | Noticed a manticore
   557 | D        | Noticed a manticore
   558 | D        | Noticed a manticore
   590 | D        | Bought a scroll of identify for 20 gold pieces
   594 | D        | Bought the ring of the Manifold Yaks {Wiz MR- Int+5} for 519 gold pieces
   636 | D        | Found an iron altar of Okawaru.
   636 | D        | Found a radiant altar of Vehumet.
   637 | D        | Found a sparkling altar of Nemelex Xobeh.
   637 | D        | Found a hide-covered altar of Uskayaw.
   637 | D        | Found a glowing silver altar of Zin.
   638 | D        | Found an opulent altar of Gozag.
   638 | D        | Found a burning altar of Makhleb.
   638 | D        | Found a bloodstained altar of Trog.
   639 | D        | Found a basalt altar of Yredelemnul.
   640 | D        | Found a blossoming altar of Fedhas.
   640 | D        | Found a corrupted altar of Lugonu.
   640 | D        | Found a deep blue altar of Sif Muna.
   641 | D        | Found a white marble altar of Elyvilon.
   641 | D        | Found an ancient bone altar of Kikubaaqudgha.
   642 | D        | Found a shadowy altar of Dithmenos.
   642 | D        | Found a viscous altar of Jiyva.
   643 | D        | Found a snail-covered altar of Cheibriados.
   645 | D        | Found a roughly hewn altar of Beogh.
   645 | D        | Found a shimmering altar of Xom.
   645 | D        | Found a sacrificial altar of Ru.
   645 | D        | Found a hazy altar of Hepliaklqana.
   645 | D        | Noticed a hornet
   645 | D        | Noticed a polar bear
   646 | D        | Found a glowing golden altar of the Shining One.
   646 | D        | Found an ornate altar of the Wu Jian Council.
   646 | D        | Found a stormy altar of Qazlal.
   646 | D        | Noticed a yaktaur
   647 | D        | Noticed a polar bear
   647 | D        | Noticed a polar bear
   654 | D        | Killed a hornet
   654 | D        | Reached skill level 13 in Stealth
   654 | D        | Reached skill level 10 in Spellcasting
   659 | D        | Killed a yaktaur
   667 | D        | Killed a polar bear
   668 | D        | Killed a polar bear
   668 | D        | Reached skill level 5 in Fighting
   668 | D        | Reached XP level 9. HP: 18/46 MP: 4/24
   673 | D        | Killed a polar bear
   673 | D        | Reached skill level 14 in Stealth
   701 | D        | Became a worshipper of Dithmenos the Shadowed
   762 | D        | Bought a +5 ring of dexterity for 453 gold pieces
   808 | D        | Noticed a death drake
   920 | D        | Noticed a kraken
   928 | D        | Reached skill level 10 in Short Blades
   934 | D        | Reached * piety under Dithmenos
   934 | D        | Reached skill level 1 in Invocations
  1021 | D        | Noticed an ice statue
  1048 | D        | Noticed a deep troll
  1049 | D        | Noticed a deep troll
  1051 | D        | Killed a deep troll
  1051 | D        | Reached skill level 5 in Armour
  1052 | D        | Killed a deep troll
  1267 | D        | Noticed a hell hog
  1268 | D        | Noticed a hell hog
  1269 | D        | Killed a hell hog
  1269 | D        | Reached ** piety under Dithmenos
  1269 | D        | Reached skill level 15 in Stealth
  1269 | D        | Reached XP level 10. HP: 52/52 MP: 25/27
  1271 | D        | Killed a hell hog
  1271 | D        | Reached skill level 1 in Shields
  1282 | D        | Noticed a deep elf master archer
  1285 | D        | Noticed a death yak
  1288 | D        | Killed a death yak
  1288 | D        | Reached *** piety under Dithmenos
  1555 | D        | Bought a scroll of identify for 20 gold pieces
  1555 | D        | Bought a scroll of identify for 20 gold pieces
  1557 | D        | Gained mutation: Armour fits poorly on your strangely shaped body. [potion of mutation]
  1557 | D        | Gained mutation: Your muscles are strong. (Str +2) [potion of mutation]
  1611 | D        | Got a jewelled quarterstaff
  1625 | D        | Identified the +6 quarterstaff "Xeczogut" {holy, +Rage Str+4 Int+5} (You found it in the Dungeon)
  1665 | D        | Killed a kraken
  1665 | D        | Reached skill level 15 in Dodging
  1665 | D        | Reached skill level 16 in Stealth
  1665 | D        | Reached skill level 10 in Hexes
  1771 | D        | Noticed a sphinx
  1771 | D        | Noticed a sphinx
  1773 | D        | Killed a sphinx
  1773 | D        | Reached skill level 17 in Stealth
  1773 | D        | Reached XP level 11. HP: 57/57 MP: 24/29
  1775 | D        | Killed a sphinx
  1837 | D        | Noticed a death drake
  1837 | D        | Noticed a crystal guardian
  1846 | D        | Killed a death drake
  1854 | D        | Killed a death drake
  1854 | D        | Reached **** piety under Dithmenos
  2137 | D        | Mangled by a crystal guardian

Vault maps used:
D:        the_violet_keep_of_menkaure

Skill      XL: |  1  2  3  4  5  6  7  8  9 10 11 |
---------------+----------------------------------+-----
Fighting       | 1 2 3 4 5 6 7 |  7.1
Short Blades   | 3 4 6 7 8 9 11 12 13 | 13.0
Armour         | 1 2 3 4 5 6 |  6.6
Dodging        | 5 7 8 9 11 12 14 15 16 | 16.4
Stealth        | 7 8 9 10 12 13 15 17 | 17.8
Spellcasting   | 5 6 7 8 9 10 12 13 14 | 14.2
Hexes          | 4 5 6 7 8 9 10 | 10.9
Invocations    | 3 |  3.7
Shields        | 3 |  3.7

Action                   |  1- 3 |  4- 6 |  7- 9 | 10-12 || total
-------------------------+-------+-------+-------+-------++-------
Melee: Dagger            |     7 |    64 |    33 |    33 ||   137
 Cast: Corona            |       |     1 |       |       ||     1
       Ensorcelled Hiber |       |     3 |    20 |     3 ||    26
       Confuse           |       |       |     5 |       ||     5
       Dazzling Spray    |       |       |     2 |     8 ||    10
Invok: Shadow Step       |       |       |       |     2 ||     2
  Use: Potion            |     1 |     1 |       |     6 ||     8
       Scroll            |       |       |     1 |     3 ||     4
 Stab: Sleeping          |       |     1 |    14 |     7 ||    22
       Invisible         |       |       |     3 |     4 ||     7
       Confused          |       |       |     2 |       ||     2
       Distracted        |       |       |       |     1 ||     1
Armor: Robe              |       |       |     1 |       ||     1
Dodge: Dodged            |     3 |    47 |    41 |    26 ||   117
Block: Buckler           |       |       |       |     4 ||     4
